[Event "January 9 Early 2024"]
[Site "https://www.chess.com"]
[Date "2024.01.11"]
[Round "1"]
[White "Grischuk, Alexander"]
[Black "Bazilius, Augustinas"]
[Result "1-0"]
[Board "161"]
[TimeControl "180+1"]
[WhiteFideId "4126025"]
[BlackFideId "12832251"]
[WhiteElo "3068"]
[BlackElo "2525"]
[WhiteTeam "RUS"]
[BlackTeam "LTU"]
[WhiteClock "0:00:50"]
[BlackClock "0:00:02"]

1. d4 Nf6 2. c4 g6 3. g3 Bg7 4. Bg2 O-O 5. Nc3 d6 6. Nf3 Nc6 7. Bf4 Nh5 8. Be3 e5 9. dxe5 Nxe5 10. Nxe5 Bxe5 11. Qd2 Be6 12. b3 Qf6 13. Rc1 c6 14. f4 Bxc3 15. Qxc3 Qxc3+ 16. Rxc3 Ng7 17. Kf2 Rfd8 18. Rd1 Nf5 19. Bc1 Ne7 20. Rcd3 d5 21. Ba3 Re8 22. Bxe7 Rxe7 23. cxd5 cxd5 24. Bxd5 Bf5 25. Rd4 Rae8 26. R1d2 b6 27. Bc4 Bg4 28. Rd8 Kf8 29. Rxe8+ Kxe8 30. Bb5+ Kf8 31. Rd8+ Kg7 32. Rd4 h5 33. Bc4 Rc7 34. a4 Kf6 35. e4 Be6 36. Ke3 Bxc4 37. Rxc4 Rd7 38. Rc6+ Kg7 39. e5 Rd1 40. Rc7 Kf8 41. b4 Rb1 42. b5 Rb3+ 43. Kd4 Rb4+ 44. Rc4 Rxa4 45. Rxa4 1-0

[Event "January 9 Early 2024"]
[Site "https://www.chess.com"]
[Date "2024.01.11"]
[Round "1"]
[White "Osmak, Yuliia"]
[Black "Giri, Anish"]
[Result "0-1"]
[Board "162"]
[TimeControl "180+1"]
[WhiteFideId "14101602"]
[BlackFideId "24116068"]
[WhiteElo "2515"]
[BlackElo "3000"]
[WhiteTeam "UKR"]
[BlackTeam "NED"]
[WhiteClock "0:00:04"]
[BlackClock "0:00:40"]

1. e4 c5 2. Nf3 d6 3. Bb5+ Nd7 4. a4 Nf6 5. Nc3 g6 6. O-O Bg7 7. Re1 O-O 8. Bf1 b6 9. d3 Bb7 10. Bf4 Nh5 11. Bg5 h6 12. Be3 e5 13. Nd2 Nf4 14. g3 Ne6 15. Nc4 Nf6 16. Bg2 d5 17. exd5 Nxd5 18. Nxd5 Bxd5 19. Bd2 Bxg2 20. Kxg2 Qd5+ 21. f3 Nd4 22. Bc3 Rae8 23. Bxd4 cxd4 24. Qd2 f5 25. Qe2 Re6 26. Nd2 Rc8 27. Rac1 h5 28. b3 Bh6 29. Qd1 Be3 30. Rb1 g5 31. Nc4 f4 32. Nxe3 dxe3 33. Re2 g4 34. Qf1 Rec6 35. Rb2 Qd4 36. Ra2 Rf8 37. h3 fxg3 38. hxg4 hxg4 0-1

[Event "January 9 Early 2024"]
[Site "https://www.chess.com"]
[Date "2024.01.11"]
[Round "1"]
[White "Grigorov, Grigor"]
[Black "Molenda, Marcin"]
[Result "0-1"]
[Board "163"]
[TimeControl "180+1"]
[WhiteFideId "2907313"]
[BlackFideId "1173065"]
[WhiteElo "2873"]
[BlackElo "2493"]
[WhiteTeam "BUL"]
[BlackTeam "POL"]
[WhiteClock "0:00:06"]
[BlackClock "0:00:30"]

1. Nf3 g6 2. d4 Bg7 3. e4 d6 4. Bd3 Nf6 5. O-O O-O 6. c3 Bg4 7. Nbd2 c5 8. h3 Bd7 9. dxc5 dxc5 10. Qc2 Nc6 11. e5 Nh5 12. Re1 Nf4 13. Nc4 Nxd3 14. Qxd3 Bf5 15. Qe3 b5 16. Ncd2 c4 17. a4 a6 18. axb5 axb5 19. Rxa8 Qxa8 20. Nf1 Qa7 21. Qf4 Rd8 22. Ng3 Be6 23. Qh4 Nxe5 24. Ng5 Nd3 25. Qxh7+ Kf8 26. Nxe6+ fxe6 27. Be3 Qb7 28. Ra1 Kf7 29. Ra7 Qxa7 30. Bxa7 Rh8 31. Qxh8 Bxh8 32. Ne4 Nxb2 33. Ng5+ Kg8 34. Ne4 Na4 35. Be3 Nxc3 36. Nc5 Nd5 37. Bc1 b4 0-1

[Event "January 9 Early 2024"]
[Site "https://www.chess.com"]
[Date "2024.01.11"]
[Round "1"]
[White "Zilleruelo Irizarry, Diego"]
[Black "Souleidis, Georgios"]
[Result "0-1"]
[Board "164"]
[TimeControl "180+1"]
[WhiteFideId "3101460"]
[BlackFideId "4206827"]
[WhiteElo "2315"]
[BlackElo "2652"]
[WhiteTeam "PUR"]
[BlackTeam "GRE"]
[WhiteClock "0:00:14"]
[BlackClock "0:00:35"]

1. e4 c5 2. Nf3 e6 3. g3 Nc6 4. Bg2 Nf6 5. Qe2 e5 6. O-O Be7 7. c3 O-O 8. Rd1 d6 9. d4 cxd4 10. cxd4 Bg4 11. dxe5 Nxe5 12. Bf4 Qb6 13. Bxe5 dxe5 14. Nc3 Rad8 15. h3 Bxf3 16. Bxf3 Bc5 17. Na4 Qa5 18. Nxc5 Qxc5 19. Rxd8 Rxd8 20. Rd1 Rd4 21. Rxd4 Qxd4 22. Qb5 b6 23. Qa6 Qd7 24. a4 Qc7 25. Kg2 g6 26. b4 Kg7 27. a5 bxa5 28. Qxa5 Qxa5 29. bxa5 Kf8 30. Kf1 Ke7 31. Ke2 Kd6 32. Ke3 Kc5 33. Be2 Ne8 34. f4 f6 35. g4 g5 36. fxg5 fxg5 37. h4 gxh4 38. g5 h3 39. Kf2 Nd6 40. Bf3 Nf7 41. Bg4 Nxg5 42. Bf5 h6 43. Kg3 Kb5 0-1

[Event "January 9 Early 2024"]
[Site "https://www.chess.com"]
[Date "2024.01.11"]
[Round "1"]
[White "Gubajdullin, Alexei"]
[Black "Kaganskiy, Gleb"]
[Result "1-0"]
[Board "165"]
[TimeControl "180+1"]
[WhiteFideId "4141202"]
[BlackFideId "4132025"]
[WhiteElo "2615"]
[BlackElo "2260"]
[WhiteTeam "RUS"]
[BlackTeam "ISR"]
[WhiteClock "0:01:08"]
[BlackClock "0:00:05"]

1. e4 Nc6 2. d4 d5 3. exd5 Qxd5 4. c3 e5 5. Be3 exd4 6. cxd4 Qa5+ 7. Nc3 Bb4 8. Qb3 Be6 9. Bc4 Bxc4 10. Qxc4 O-O-O 11. Ne2 Qd5 12. Qxd5 Rxd5 13. O-O Rd7 14. d5 Ne5 15. Bd4 f6 16. a3 Bxc3 17. Bxc3 Rxd5 18. Nf4 Rd7 19. Rfe1 Ne7 20. Bxe5 fxe5 21. Rxe5 Nc6 22. Re2 Rhd8 23. h4 Rd2 24. Rae1 a5 25. h5 a4 26. Ne6 R8d7 27. Rxd2 Rxd2 28. Nxg7 Rxb2 29. Re8+ Kd7 30. Rh8 Rb3 31. Rxh7 Rxa3 32. h6 Rb3 33. Nf5+ Ke6 34. Rh8 Ne5 35. h7 Ng6 36. Rg8 Kxf5 37. Rxg6 Kxg6 38. h8=Q b5 39. g4 b4 40. Kg2 c5 41. Qh5+ Kg7 42. Qg5+ Kh7 43. Qf6 Rc3 44. g5 a3 45. Qf7+ Kh8 46. g6 Rg3+ 47. Kxg3 a2 48. Qh7# 1-0

[Event "January 9 Early 2024"]
[Site "https://www.chess.com"]
[Date "2024.01.11"]
[Round "1"]
[White "Srdanovic, Jovana"]
[Black "Viana, Valeria"]
[Result "1-0"]
[Board "166"]
[TimeControl "180+1"]
[WhiteFideId "954810"]
[BlackFideId "8407100"]
[WhiteElo "2552"]
[BlackElo "2083"]
[WhiteTeam "SRB"]
[BlackTeam "HON"]
[WhiteClock "0:01:02"]
[BlackClock "0:00:09"]

1. d4 Nf6 2. c4 e6 3. Nf3 d5 4. Nc3 Bb4 5. Bg5 dxc4 6. Qa4+ Nc6 7. e3 Bd7 8. Qc2 b5 9. Be2 O-O 10. O-O a6 11. Ne5 h6 12. Bxf6 gxf6 13. Nxd7 Qxd7 14. Qe4 Ne7 15. Qh4 Bxc3 16. bxc3 Kg7 17. e4 Ng6 18. Qg3 Qd6 19. f4 f5 20. exf5 exf5 21. h4 Qe7 22. Bf3 Rae8 23. h5 Qh4 24. Qxh4 Nxh4 25. Bc6 Re3 26. Rac1 Rd8 27. Rc2 Rd6 28. Bb7 a5 29. Kf2 Rd3 30. g3 Nf3 31. Bxf3 Re6 32. d5 Ree3 33. Be2 Rxc3 34. Rxc3 Rxc3 35. Rb1 b4 36. Rb2 Ra3 37. Bxc4 Rc3 38. Bb3 Kf6 39. Rc2 Rxc2+ 40. Bxc2 Ke7 41. Ke3 Kd6 42. Kd4 f6 43. Bxf5 c5+ 44. dxc6 Kxc6 45. Bc2 Kd6 46. g4 1-0

[Event "January 9 Early 2024"]
[Site "https://www.chess.com"]
[Date "2024.01.11"]
[Round "1"]
[White "Poddubnyi, Viktor"]
[Black "Shkapenko, Pavel"]
[Result "0-1"]
[Board "167"]
[TimeControl "180+1"]
[WhiteFideId "4141989"]
[BlackFideId "4151933"]
[WhiteElo "2417"]
[BlackElo "2757"]
[WhiteTeam "RUS"]
[BlackTeam "FID"]
[WhiteClock "0:00:02"]
[BlackClock "0:00:38"]

1. e4 e5 2. f4 d5 3. exd5 exf4 4. Nf3 Nf6 5. c4 c6 6. d4 cxd5 7. Bxf4 Bb4+ 8. Nc3 O-O 9. Be2 dxc4 10. Bxc4 Re8+ 11. Ne5 Be6 12. O-O Bxc4 13. Nxc4 Nc6 14. a3 Bxc3 15. bxc3 Nd5 16. Qf3 Re6 17. Be5 f6 18. Bg3 Qd7 19. Rae1 Rae8 20. Rxe6 Rxe6 21. Bf2 Nce7 22. Nd2 Rc6 23. c4 Nb6 24. d5 Rc8 25. Bxb6 axb6 26. Rb1 Ng6 27. Rxb6 Qe7 28. d6 Qe1+ 29. Nf1 Rd8 30. Qd5+ Kh8 31. Rxb7 Nf4 32. Qf3 Ne2+ 33. Kh1 Nd4 34. Qd3 Ne6 0-1

[Event "January 9 Early 2024"]
[Site "https://www.chess.com"]
[Date "2024.01.11"]
[Round "1"]
[White "Stojanovski, Sandi"]
[Black "Quirke, Jeffrey"]
[Result "1-0"]
[Board "168"]
[TimeControl "180+1"]
[WhiteFideId "1403249"]
[BlackFideId "2013029"]
[WhiteElo "2555"]
[BlackElo "2106"]
[WhiteTeam "DEN"]
[BlackTeam "USA"]
[WhiteClock "0:00:31"]
[BlackClock "0:00:01"]

1. d3 Nf6 2. Nf3 g6 3. g3 Bg7 4. Bg2 O-O 5. O-O d6 6. c4 Nc6 7. Nc3 e5 8. Bg5 h6 9. Bxf6 Qxf6 10. Rb1 a5 11. a3 Qd8 12. b4 axb4 13. axb4 Nd4 14. Nd2 c6 15. e3 Ne6 16. b5 Bd7 17. Nde4 Qc7 18. b6 Qb8 19. Qb3 Kh7 20. Qb4 c5 21. Qb3 Bc6 22. Nd5 Bxd5 23. cxd5 Ng5 24. Nc3 f5 25. h4 Nf7 26. Ra1 Bf6 27. Nb5 Bd8 28. Na7 Re8 29. Ra4 e4 30. dxe4 fxe4 31. Rxe4 Rxe4 32. Bxe4 Bxb6 33. Qxb6 Rxa7 34. h5 Ne5 35. hxg6+ Nxg6 36. Qb1 Qg8 37. Qd3 Qg7 38. Rb1 1-0

[Event "January 9 Early 2024"]
[Site "https://www.chess.com"]
[Date "2024.01.11"]
[Round "1"]
[White "Martinez Pla, Xavier"]
[Black "Bachmann, Axel"]
[Result "0-1"]
[Board "169"]
[TimeControl "180+1"]
[WhiteFideId "32074271"]
[BlackFideId "3700488"]
[WhiteElo "2479"]
[BlackElo "2896"]
[WhiteTeam "ESP"]
[BlackTeam "PAR"]
[WhiteClock "0:00:09"]
[BlackClock "0:00:36"]

1. e4 Nf6 2. e5 Nd5 3. d4 d6 4. Nf3 Bf5 5. Bd3 Bxd3 6. Qxd3 e6 7. O-O Nc6 8. c4 Nb6 9. exd6 cxd6 10. d5 exd5 11. cxd5 Ne5 12. Re1 Be7 13. Nxe5 dxe5 14. Rxe5 O-O 15. Nc3 Bf6 16. Re1 Rc8 17. Ne4 Nxd5 18. Nxf6+ Nxf6 19. Qxd8 Rfxd8 20. Bg5 Rc2 21. Rab1 Rd5 22. Rbc1 Rxc1 23. Rxc1 h6 24. Be3 a6 25. f3 Rd3 26. Kf2 Nd5 27. Re1 b5 28. Re2 Nb4 29. a3 Nc6 30. Rc2 Ne5 31. Ke2 Rb3 32. Bc1 Nc4 33. h4 h5 34. a4 Rb4 35. axb5 axb5 36. g3 f6 37. g4 hxg4 38. fxg4 Ne5 39. g5 Rxh4 40. Rc8+ Kf7 41. gxf6 gxf6 42. Bf4 Rxf4 0-1

[Event "January 9 Early 2024"]
[Site "https://www.chess.com"]
[Date "2024.01.11"]
[Round "1"]
[White "Teimouri Yadkuri, Shahdad"]
[Black "Krzyzanowski, Marcin"]
[Result "0-1"]
[Board "170"]
[TimeControl "180+1"]
[WhiteFideId "42515467"]
[BlackFideId "1132199"]
[WhiteElo "2429"]
[BlackElo "2776"]
[WhiteTeam "IRI"]
[BlackTeam "POL"]
[WhiteClock "0:00:14"]
[BlackClock "0:00:29"]

1. e4 c5 2. Nf3 d6 3. d4 cxd4 4. Nxd4 Nf6 5. Nc3 a6 6. Be3 e5 7. Nb3 Be6 8. f3 h5 9. Nd5 Nxd5 10. exd5 Bf5 11. Qd2 Nd7 12. c4 Rc8 13. Be2 Be7 14. O-O O-O 15. Rac1 b6 16. Na1 Bg6 17. b4 f5 18. Nb3 h4 19. c5 bxc5 20. bxc5 Nxc5 21. Nxc5 dxc5 22. Bxa6 Ra8 23. Bc4 Kh7 24. Kh1 h3 25. gxh3 f4 26. Bf2 e4 27. Qe2 Bd6 28. Rg1 e3 29. Be1 Qf6 30. Bc3 Be5 31. Bxe5 Qxe5 32. Bd3 Bxd3 33. Qxd3+ Kh8 34. Rc2 Qh5 35. Qe4 Rae8 36. Qg6 Qxg6 37. Rxg6 e2 38. Rxe2 Rxe2 0-1

[Event "January 9 Early 2024"]
[Site "https://www.chess.com"]
[Date "2024.01.11"]
[Round "1"]
[White "Kjartansson, David"]
[Black "Gritsenko, Nikolai"]
[Result "1-0"]
[Board "171"]
[TimeControl "180+1"]
[WhiteFideId "2301130"]
[BlackFideId "14112493"]
[WhiteElo "2426"]
[BlackElo "2732"]
[WhiteTeam "ISL"]
[BlackTeam "UKR"]
[WhiteClock "0:00:17"]
[BlackClock "0:00:05"]

1. e4 d5 2. exd5 Nf6 3. Nf3 Nxd5 4. Be2 Nf4 5. O-O Nxe2+ 6. Qxe2 e6 7. b3 Be7 8. Bb2 O-O 9. d4 Nd7 10. Nbd2 b6 11. c4 Bb7 12. Rad1 Re8 13. Ne5 Nxe5 14. dxe5 Qd7 15. Nf3 Qc6 16. Rd4 Rad8 17. Rg4 Rd7 18. h4 Red8 19. h5 h6 20. Qe3 Kh8 21. Qf4 Bf8 22. Re1 a5 23. Bc1 a4 24. Kh2 axb3 25. axb3 Qc5 26. Qg3 Qb4 27. Re3 Qc5 28. b4 Qxb4 29. Ba3 Qb2 30. Bxb2 1-0

[Event "January 9 Early 2024"]
[Site "https://www.chess.com"]
[Date "2024.01.11"]
[Round "1"]
[White "Sierra Vallina, Lionel"]
[Black "San Thit Lwin"]
[Result "1-0"]
[Board "172"]
[TimeControl "180+1"]
[WhiteFideId "54559774"]
[BlackFideId "13001272"]
[WhiteElo "2618"]
[BlackElo "2266"]
[WhiteTeam "ESP"]
[BlackTeam "MYA"]
[WhiteClock "0:00:35"]
[BlackClock "0:00:01"]

1. e4 Nf6 2. e5 Nd5 3. c4 Nb6 4. d4 d6 5. f4 dxe5 6. fxe5 Nc6 7. Be3 Bf5 8. Nf3 e6 9. Nc3 Be7 10. Be2 f6 11. exf6 Bxf6 12. O-O O-O 13. Qd2 Qe7 14. Rad1 Rad8 15. Kh1 h6 16. h3 g5 17. Bg1 Qg7 18. Qe3 h5 19. d5 exd5 20. cxd5 Ne7 21. Nd4 Nexd5 22. Nxd5 Nxd5 23. Bc4 Bxd4 24. Rxd4 c6 25. Qb3 Be6 26. Re1 Bf7 27. Qxb7 g4 28. hxg4 hxg4 29. Ree4 Nf6 30. Bxf7+ Rxf7 31. Rxd8+ Kh7 32. Qb4 Qh6+ 33. Bh2 Nxe4 34. Qxe4+ 1-0

[Event "January 9 Early 2024"]
[Site "https://www.chess.com"]
[Date "2024.01.11"]
[Round "1"]
[White "Andreassen, Lars"]
[Black "Kovacsy, Barnabas"]
[Result "1-0"]
[Board "173"]
[TimeControl "180+1"]
[WhiteFideId "1504878"]
[BlackFideId "769290"]
[WhiteElo "2248"]
[BlackElo "2587"]
[WhiteTeam "NOR"]
[BlackTeam "HUN"]
[WhiteClock "0:01:12"]
[BlackClock "0:00:09"]

1. d4 Nf6 2. Nf3 g6 3. Bg5 Bg7 4. Nc3 d5 5. Bxf6 Bxf6 6. e4 dxe4 7. Nxe4 Bg7 8. Bc4 O-O 9. O-O Bg4 10. c3 c6 11. h3 Bf5 12. Ng3 Bd7 13. Re1 Na6 14. Bxa6 bxa6 15. Qe2 Qb6 16. b3 e6 17. Ne4 a5 18. Nc5 Rad8 19. Ne5 Bc8 20. Rab1 Rd5 21. f4 Rfd8 22. Nc4 Qc7 23. Ne3 R5d6 24. Ne4 R6d7 25. Rbd1 Qb6 26. Nc4 Qc7 27. Rf1 Rd5 28. g3 Ba6 29. Kh2 h5 30. h4 Qb8 31. Nc5 Bxc4 32. Qxc4 Qb5 33. Qxb5 cxb5 34. Nb7 Rc8 35. Nxa5 Rxc3 36. Rf2 b4 37. Nc4 Rxd4 38. Rfd2 Rxd2+ 39. Rxd2 Kh7 40. Nd6 Rc7 41. Kg2 Rd7 42. Kf3 Bf8 43. Nc4 Rxd2 44. Nxd2 Kg7 45. Nc4 Bc5 46. Na5 f5 47. Nc6 a6 48. Nb8 a5 49. Nc6 Bb6 50. Ne5 Kf6 51. Nd7+ Ke7 52. Nxb6 Kd6 53. Nc4+ Kd5 54. Nxa5 Kd4 55. Nc6+ Kc3 56. Ke3 Kb2 57. Nxb4 Ka3 1-0

[Event "January 9 Early 2024"]
[Site "https://www.chess.com"]
[Date "2024.01.11"]
[Round "1"]
[White "Hoffmann, Asa"]
[Black "Skvortsov, Andrei"]
[Result "1/2-1/2"]
[Board "174"]
[TimeControl "180+1"]
[WhiteFideId "2001470"]
[BlackFideId "24108600"]
[WhiteElo "2356"]
[BlackElo "2667"]
[WhiteTeam "USA"]
[BlackTeam "MNE"]
[WhiteClock "0:00:04"]
[BlackClock "0:01:16"]

1. d4 g6 2. e4 Bg7 3. Be3 d5 4. Nd2 Nc6 5. c3 dxe4 6. Nxe4 Nf6 7. Ng3 e5 8. dxe5 Qxd1+ 9. Rxd1 Nxe5 10. Bf4 Nfd7 11. Nf3 Nxf3+ 12. gxf3 c6 13. Bh3 Nc5 14. Bxc8 Rxc8 15. Bd6 Ne6 16. O-O f5 17. Rfe1 Kf7 18. Ne2 Rhd8 19. Bg3 Rxd1 20. Rxd1 Rd8 21. Rxd8 Nxd8 22. f4 Ke6 23. f3 Kd5 24. Bf2 c5 25. Kf1 Nc6 26. Ke1 c4 27. Kd2 b5 28. a3 a6 29. Kc2 Bf6 30. Kd2 Be7 31. Be3 Bd6 32. h4 Be7 33. h5 gxh5 34. Ng3 h4 35. Nxf5 h3 36. Bg1 Bf6 37. Ke3 a5 38. Kf2 Ne7 39. Ne3+ Kc6 40. Kg3 Nd5 41. Ng4 Bg7 42. f5 h5 43. Nf2 b4 44. axb4 axb4 45. cxb4 Bxb2 46. Kxh3 Bd4 47. Kg2 Nxb4 48. Ne4 Bxg1 49. Kxg1 Nd3 50. f6 Ne5 51. Kf2 h4 52. Ke3 Kd5 53. f4 Ng6 54. Ng5 Nf8 55. Kd2 Kd4 56. Nf3+ Ke4 57. Nxh4 Kxf4 58. Kc3 Kg5 59. Kxc4 Kxf6 1/2-1/2

[Event "January 9 Early 2024"]
[Site "https://www.chess.com"]
[Date "2024.01.11"]
[Round "1"]
[White "Recuero Guerra, Javier"]
[Black "Yagupov, Igor"]
[Result "0-1"]
[Board "175"]
[TimeControl "180+1"]
[WhiteFideId "2254085"]
[BlackFideId "4113632"]
[WhiteElo "2294"]
[BlackElo "2642"]
[WhiteTeam "ESP"]
[BlackTeam "RUS"]
[WhiteClock "0:00:02"]
[BlackClock "0:00:17"]

1. e4 c5 2. c3 Nf6 3. e5 Nd5 4. Bc4 e6 5. d4 cxd4 6. cxd4 d6 7. Nf3 Nc6 8. O-O Be7 9. Re1 O-O 10. Bxd5 exd5 11. Nc3 Be6 12. Bf4 dxe5 13. Nxe5 Rc8 14. Qa4 a6 15. Rac1 Qb6 16. Nxc6 Rxc6 17. Re2 Bf6 18. Rd2 Rc4 19. Qd1 Rxd4 20. Rxd4 Qxd4 21. Qxd4 Bxd4 22. Rd1 Bf6 23. Nxd5 Bxb2 24. Bd6 Rd8 25. Ne3 Bxa2 26. Rd2 Bf6 27. Nf5 Be6 28. Ne3 h5 29. h3 b5 30. Kf1 a5 0-1

[Event "January 9 Early 2024"]
[Site "https://www.chess.com"]
[Date "2024.01.11"]
[Round "1"]
[White "Svane, Frederik"]
[Black "Caetano, Hugo Zanotti Mendonca"]
[Result "1-0"]
[Board "176"]
[TimeControl "180+1"]
[WhiteFideId "12923044"]
[BlackFideId "2119420"]
[WhiteElo "3000"]
[BlackElo "2514"]
[WhiteTeam "GER"]
[BlackTeam "BRA"]
[WhiteClock "0:00:31"]
[BlackClock "0:00:05"]

1. e4 c5 2. Nf3 Nc6 3. Bb5 e6 4. O-O Nge7 5. Re1 a6 6. Bf1 d5 7. d3 dxe4 8. dxe4 Qxd1 9. Rxd1 Ng6 10. a4 Be7 11. Na3 O-O 12. Nc4 Rb8 13. a5 Rd8 14. Rxd8+ Bxd8 15. Be3 Be7 16. Nfd2 f5 17. Nb3 fxe4 18. Nxc5 e5 19. Nxe4 Be6 20. c3 Rd8 21. g3 Nf8 22. Nc5 Bxc5 23. Bxc5 Nd7 24. Be3 Nf6 25. Bb6 Rd7 26. Re1 e4 27. Bc5 h6 28. b4 Kh7 29. Kg2 Bxc4 30. Bxc4 Ne5 31. Be6 Rd3 32. Bf5+ Kg8 33. Bxe4 Rxc3 34. Bxb7 Nd3 35. Re3 Rxc5 36. bxc5 Nxc5 37. Bf3 Kf7 38. Rc3 Nfd7 39. Bc6 Ke7 40. Bxd7 Nxd7 41. Rc6 1-0

[Event "January 9 Early 2024"]
[Site "https://www.chess.com"]
[Date "2024.01.11"]
[Round "1"]
[White "Goryachkina, Aleksandra"]
[Black "Luukkonen, Tommi"]
[Result "1-0"]
[Board "177"]
[TimeControl "180+1"]
[WhiteFideId "4147103"]
[BlackFideId "501808"]
[WhiteElo "2650"]
[BlackElo "2310"]
[WhiteTeam "FID"]
[BlackTeam "FIN"]
[WhiteClock "0:00:28"]
[BlackClock "0:01:08"]

1. e4 c5 2. Nf3 d6 3. d4 cxd4 4. Nxd4 Nf6 5. Nc3 a6 6. f4 e5 7. Nf3 Nbd7 8. Bd3 b5 9. O-O Bb7 10. a3 Be7 11. Kh1 O-O 12. Qe1 Qc7 13. f5 Rfe8 14. Bd2 d5 15. Bg5 d4 16. Nd1 Nc5 17. Nf2 Nfd7 18. Bxe7 Rxe7 19. Qd2 Rc8 20. Rac1 Na4 21. b3 Nc3 22. Rce1 Qd6 23. g4 Qxa3 24. g5 Qd6 25. f6 gxf6 26. Ng4 f5 27. Nh6+ Kf8 28. Nxf5 Qe6 29. g6 Qxg6 30. Rg1 Qh5 31. Qg2 Nf6 32. Qg7+ 1-0

[Event "January 9 Early 2024"]
[Site "https://www.chess.com"]
[Date "2024.01.11"]
[Round "1"]
[White "Lima, Kleyton Alcantara"]
[Black "Bolivar Losada, Jeison"]
[Result "1-0"]
[Board "178"]
[TimeControl "180+1"]
[WhiteFideId "22718397"]
[BlackFideId "4404793"]
[WhiteElo "2597"]
[BlackElo "2223"]
[WhiteTeam "BRA"]
[BlackTeam "COL"]
[WhiteClock "0:00:16"]
[BlackClock "0:00:04"]

1. e4 c5 2. Nf3 d6 3. d4 cxd4 4. Nxd4 Nf6 5. Nc3 a6 6. Bg5 e6 7. f4 h6 8. Bh4 Qb6 9. a3 Be7 10. Bf2 Qc7 11. Qf3 Nbd7 12. g4 b5 13. O-O-O Bb7 14. h4 Nc5 15. Bd3 d5 16. e5 Nfe4 17. Bxe4 Nxe4 18. Rh3 Rc8 19. Be1 b4 20. axb4 Bxb4 21. Ncb5 Qa5 22. Nd6+ Nxd6 23. Bxb4 Qxb4 24. exd6 Qxd6 25. Kb1 O-O 26. h5 Rc4 27. g5 Qb6 28. Qe3 Rb8 29. gxh6 Bc8 30. Nb3 Qxe3 31. Rxe3 gxh6 32. f5 1-0

[Event "January 9 Early 2024"]
[Site "https://www.chess.com"]
[Date "2024.01.11"]
[Round "1"]
[White "Mirza, Diana"]
[Black "Lymar, Vladislav"]
[Result "0-1"]
[Board "179"]
[TimeControl "180+1"]
[WhiteFideId "2503999"]
[BlackFideId "14162180"]
[WhiteElo "2010"]
[BlackElo "2549"]
[WhiteTeam "IRL"]
[BlackTeam "UKR"]
[WhiteClock "0:00:01"]
[BlackClock "0:00:16"]

1. e4 d6 2. d4 Nf6 3. Nc3 e5 4. dxe5 dxe5 5. Qxd8+ Kxd8 6. Bc4 Ke8 7. Nf3 Bd6 8. Bg5 Nbd7 9. O-O-O a6 10. a4 h6 11. Bh4 g5 12. Bg3 Nh5 13. Nd5 Nf4 14. Bxf4 gxf4 15. Nh4 Nc5 16. Nf5 Bxf5 17. exf5 Nxa4 18. Nf6+ Ke7 19. Ne4 Rad8 20. Rhe1 b5 21. Ba2 Rhg8 22. f6+ Ke8 23. Nxd6+ cxd6 24. g3 fxg3 25. fxg3 Rg6 26. Rf1 Nc5 27. Rde1 Nd7 28. Bd5 Rxf6 29. Rg1 Ke7 30. Bb7 Nc5 31. Bd5 Rg8 32. Rgf1 Rgg6 33. Rf2 Rxf2 0-1

[Event "January 9 Early 2024"]
[Site "https://www.chess.com"]
[Date "2024.01.11"]
[Round "1"]
[White "Velikanov, Alexander"]
[Black "Aukhatov, Roman"]
[Result "1-0"]
[Board "180"]
[TimeControl "180+1"]
[WhiteFideId "2039290"]
[BlackFideId "44150768"]
[WhiteElo "2833"]
[BlackElo "2448"]
[WhiteTeam "USA"]
[BlackTeam "RUS"]
[WhiteClock "0:00:17"]
[BlackClock "0:00:04"]

1. e4 c5 2. Nf3 Nf6 3. Nc3 Nc6 4. e5 Ng4 5. Qe2 f6 6. exf6 Nxf6 7. d4 cxd4 8. Nb5 d6 9. Nbxd4 e5 10. Bg5 Be7 11. Nxc6 bxc6 12. O-O-O Bg4 13. Qc4 Bxf3 14. gxf3 Qc8 15. f4 d5 16. Qa4 e4 17. Bxf6 Bxf6 18. Rxd5 O-O 19. Rc5 Rb8 20. c3 Qg4 21. Qxe4 Rfe8 22. Qc4+ Kh8 23. Bd3 Qf3 24. Rd1 Qxf2 25. Bc2 Re2 26. Bb3 Rxb2 27. Rxc6 h5 28. Rc8+ Rxc8 29. Qxc8+ Kh7 30. Qf5+ Kh6 31. Bf7 Qg2 32. Qxh5# 1-0

[Event "January 9 Early 2024"]
[Site "https://www.chess.com"]
[Date "2024.01.11"]
[Round "1"]
[White "Benedetti, Julio"]
[Black "Pranesh M"]
[Result "0-1"]
[Board "181"]
[TimeControl "180+1"]
[WhiteFideId "172545"]
[BlackFideId "35028600"]
[WhiteElo "2503"]
[BlackElo "2951"]
[WhiteTeam "ARG"]
[BlackTeam "IND"]
[WhiteClock "0:00:01"]
[BlackClock "0:00:41"]

1. e4 c5 2. Nc3 g6 3. f4 Bg7 4. Nf3 Nc6 5. Bc4 e6 6. f5 gxf5 7. d3 Nge7 8. O-O O-O 9. Bg5 fxe4 10. dxe4 f6 11. Bf4 b6 12. Qd6 Qe8 13. Nb5 Qg6 14. Nc7 Rb8 15. Nxe6 dxe6 16. Bxe6+ Kh8 17. Nh4 Qe8 18. Nf5 Bxe6 19. Qxe6 Nxf5 20. Qxf5 Nd4 21. Qg4 Rd8 22. c3 Ne6 23. Be3 Rf7 24. Rf5 Nf8 25. Rh5 Qe6 26. Qh4 Re8 27. e5 fxe5 28. Re1 e4 29. h3 Kg8 30. Rg5 Ng6 31. Qg3 Qxa2 32. h4 Bf6 33. Rg4 Be5 34. Qh3 Rg7 35. h5 Nf8 36. h6 Rg6 37. Rf1 Qe6 38. Rxg6+ Nxg6 39. Qh5 a5 0-1

[Event "January 9 Early 2024"]
[Site "https://www.chess.com"]
[Date "2024.01.11"]
[Round "1"]
[White "Sztokbant, Bernardo Vainzoff"]
[Black "Maksimovic, Bojan"]
[Result "0-1"]
[Board "182"]
[TimeControl "180+1"]
[WhiteFideId "2115956"]
[BlackFideId "14408120"]
[WhiteElo "2482"]
[BlackElo "2905"]
[WhiteTeam "BRA"]
[BlackTeam "BIH"]
[WhiteClock "0:00:17"]
[BlackClock "0:00:17"]

1. e4 c5 2. Nf3 e6 3. d4 cxd4 4. Nxd4 a6 5. c4 Nf6 6. Nc3 Qc7 7. Be2 b6 8. O-O Bb7 9. f3 d6 10. Be3 Be7 11. Rc1 Nbd7 12. Kh1 O-O 13. Qd2 Rac8 14. Rfd1 Rfe8 15. Bf1 h5 16. Qf2 Ne5 17. b3 h4 18. h3 Nh5 19. Nde2 Nd7 20. Na4 Nc5 21. Nac3 Ba8 22. Kg1 Bf6 23. Bd4 Bxd4 24. Rxd4 Qe7 25. Rcd1 Red8 26. b4 Nd7 27. Rxd6 Rxc4 28. Na4 Rxb4 29. Nxb6 Rxb6 30. Rxd7 Rxd7 31. Rxd7 Qxd7 32. Qxb6 Bc6 33. Qxa6 Bb5 34. Qa8+ Kh7 35. e5 Bxe2 36. Qe4+ g6 37. Bxe2 Qd2 38. a4 Kg7 39. Kh2 Ng3 40. Bb5 Nxe4 0-1

[Event "January 9 Early 2024"]
[Site "https://www.chess.com"]
[Date "2024.01.11"]
[Round "1"]
[White "Musalov, Ruslan"]
[Black "Gabrielian, Artur"]
[Result "0-1"]
[Board "183"]
[TimeControl "180+1"]
[WhiteFideId "4141490"]
[BlackFideId "4131002"]
[WhiteElo "2438"]
[BlackElo "2799"]
[WhiteTeam "RUS"]
[BlackTeam "RUS"]
[WhiteClock "0:00:05"]
[BlackClock "0:00:45"]

1. e4 c5 2. Nf3 d6 3. d4 cxd4 4. Nxd4 Nf6 5. Nc3 Nc6 6. Bg5 Bd7 7. Qd2 Rc8 8. O-O-O Nxd4 9. Qxd4 Qa5 10. Bd2 Qc5 11. Qxc5 Rxc5 12. f3 a6 13. g4 h6 14. Be3 Rc8 15. h4 g6 16. Be2 Bg7 17. Bd4 Kf8 18. Rdg1 Bc6 19. Bd3 Nd7 20. Bxg7+ Kxg7 21. f4 Nc5 22. Kd2 b5 23. a3 Rhd8 24. h5 g5 25. fxg5 hxg5 26. Rf1 f6 27. Ke3 Ne6 28. Ne2 d5 29. Ng3 d4+ 30. Kd2 Rc7 31. Nf5+ Kh8 32. h6 Nf4 33. Rhg1 e5 34. Ng3 Kh7 35. Nf5 Bd7 36. Rh1 Rdc8 37. Rf2 Bxf5 38. gxf5 g4 39. Rg1 Nh3 40. Rfg2 Nxg1 41. Rxg1 Rg8 42. Be2 g3 43. Rh1 g2 44. Rg1 Rg3 45. Bf3 Rxf3 0-1